cohdb
Replays
Latest Replays
All Replays
Popular Replays
Top Player Replays
Match Explorer
How It Works
Community
CoH3 Stats
Reddit
Sign in to upload your games and track your stats! →
Sign in with Steam
Match 42635316
Unlisted
Match 42635316
Overview
Messages
Build Orders
End
Kradschützen Motorcycle Team
Selects Armored Support Battlegroup
Panzergrenadier Squad
Panzergrenadier Squad
Construct Light Support Kompanie
2.5-tonne Medical Truck
MG34 Team
Fire Support Elements
Panzerjäger Mechanized Group
Flakvierling Half-track
Pak 38 Anti-tank Gun Team
le.IG 18 Support Gun Team
Construct Mechanized Kompanie
Marder III Tank Destroyer
MG34 Team
MG34 Team
2.5-tonne Medical Truck
w0nder
Estoico_Azul
Cachondin
Cpt Racks
CommieRed
Thank You Chef
0
0
Comments
sign in to comment!
No comments posted yet!